 Dungeon Crawl Stone Soup version 0.17.0-26-gececa24 (webtiles) character file.

73 Ivanskos the Shield-Bearer (level 4, -2/37 HPs)
             Began as a Formicid Fighter on Nov 19, 2015.
             Was an Initiate of the Shining One.
             Slain by OmG's ghost (11 damage)
             ... on level 3 of the Dungeon.
             The game lasted 00:08:36 (1470 turns).

Ivanskos the Shield-Bearer (Formicid Fighter)       Turns: 1470, Time: 00:08:36

Health: -2/37      AC:  6    Str: 20    XL:     4   Next: 51%
Magic:  4/4        EV:  8    Int:  8    God:    the Shining One [......]
Gold:   37         SH:  9    Dex: 11    Spells: 0 memorised, 3 levels left

rFire  . . .     SeeInvis +     a - +0 war axe
rCold  . . .     Clarity  .     b - +0 scale mail
rNeg   . . .     SustAt   .     c - +0 shield
rPois  .         Gourm    .     (helmet unavailable)
rElec  .         Spirit   .     (no cloak)
rCorr  .         Warding  .     (no gloves)
rMut   .         Stasis   +     (no boots)
MR     .....                    (no amulet)
Stlth  ..........               (no ring)
                                m - ring of invisibility

@: not resistant to hostile enchantments, extremely unstealthy
A: permanent stasis, dig shafts and tunnels, four strong arms, antennae 3
a: Dig, Shaft Self, Renounce Religion, Evoke Invisibility


You were on level 3 of the Dungeon.
You worshipped the Shining One.
The Shining One was noncommittal.
You were not hungry.

You visited 1 branch of the dungeon, and saw 3 of its levels.

You collected 37 gold pieces.

Inventory:

Hand Weapons
 a - a +0 war axe (weapon)
Armour
 b - a +0 scale mail (worn)
 c - a +0 shield (worn)
Jewellery
 m - a ring of invisibility (left hand)
Scrolls
 f - 2 scrolls of magic mapping {unknown}
 i - 3 scrolls of identify {unknown}
 j - a scroll of remove curse {unknown}
 p - a scroll of enchant weapon {unknown}
 q - a scroll of amnesia {unknown}
 r - a scroll of noise {unknown}
Potions
 d - 2 potions of might
 g - a potion of cure mutation {unknown}
 h - 2 potions of haste {unknown}
 l - a potion of agility {unknown}
 o - a potion of flight {unknown}
Comestibles
 e - 3 bread rations
 k - a slice of pizza
 n - a beef jerky


   Skills:
 + Level 3.8 Fighting
 + Level 2.6 Axes
 + Level 3.5 Armour
 + Level 1.4 Dodging
 + Level 4.2 Shields


You had 3 spell levels left.
You didn't know any spells.

Dungeon Overview and Level Annotations

Branches:
Dungeon (3/15)

Altars:
The Shining One

Annotations:
D:3 OmG's ghost, amateur HuFi


Innate Abilities, Weirdness & Mutations

You are under a permanent stasis effect.
You can dig through walls and to a lower floor.
Your four strong arms can wield two-handed weapons with a shield.
You have a pair of large antennae on your head (SInv).


Message History

You feel sick.
You are no longer poisoned.
The orc completely misses you.
You slash the orc!
You kill the orc!
You sense a monster nearby.
OmG's ghost (amateur Human Fighter) comes into view.
OmG's ghost turns its malevolent gaze towards you.
OmG's ghost makes a sound of rattling chains.
You barely miss OmG's ghost. OmG's ghost hits you! OmG's ghost hits you!
You hit OmG's ghost but do no damage. You block OmG's ghost's attack.
You hit OmG's ghost.
OmG's ghost is lightly damaged.
You block OmG's ghost's attack. OmG's ghost hits you.
* * * LOW HITPOINT WARNING * * *
OmG's ghost says, "You can hit me, but you can't hurt me."
You hit OmG's ghost but do no damage.
OmG's ghost is lightly damaged.
OmG's ghost hits you!
You die...

##.#####..##.##...## #.#
##.###...##.###..########.#
##.#.#..##.###.#.........#
##.##..........##########
####.#######.##
###.........# #.......###.#
#.#####.# #. #. #@# #. #
#W# #. ...............
#...###.###.### .. #.# #.#
..# ###


You could see OmG's ghost.

Vanquished Creatures
  2 adders
  2 giant geckos (D:2)
  An orc (D:3)
  A giant cockroach (D:2)
  5 goblins
  8 hobgoblins
  4 bats
  3 giant newts
  10 jackals
  8 kobolds
  5 rats
49 creatures vanquished.

Notes
Turn   | Place    | Note
--------------------------------------------------------------
     0 | D:1      | Ivanskos the Formicid Fighter began the quest for the Orb.
     0 | D:1      | Reached XP level 1. HP: 18/18 MP: 1/1
   178 | D:1      | Reached XP level 2. HP: 24/24 MP: 2/2
   208 | D:1      | Reached skill level 4 in Shields
   279 | D:1      | Reached XP level 3. HP: 27/29 MP: 3/3
   696 | D:1      | Reached skill level 1 in Dodging
  1039 | D:2      | Found a glowing golden altar of the Shining One.
  1055 | D:2      | Became a worshipper of the Shining One
  1176 | D:2      | Reached XP level 4. HP: 34/37 MP: 4/4
  1461 | D:3      | Noticed OmG's ghost (amateur HuFi)
  1470 | D:3      | Slain by OmG's ghost

Action                   |  1- 3 |  4- 6 || total
-------------------------+-------+-------++-------
Melee: War axe           |   106 |    26 ||   132
 Abil: Dig               |     3 |       ||     3
  Eat: Royal jelly       |       |     1 ||     1
